 Dungeon Crawl Stone Soup version 0.29-a0-878-g7b45a56547 (webtiles) character file.

Game seed: 551748451801752441

235 buhh the Grave Robber (level 6, 0/45 HPs)
             Began as a Meteoran Necromancer on July 19, 2022.
             Slain by a frilled lizard (2 damage)
             ... on level 3 of the Dungeon.
             The game lasted 00:03:50 (1169 turns).

buhh the Grave Robber (Meteoran Necromancer)        Turns: 1169, Time: 00:03:51

Health: 0/45       AC:  2    Str: 10    XL:     6   Next: 52%
Magic:  13/15      EV: 16    Int: 19    God:
Gold:   87         SH:  0    Dex: 14    Spells: 8/16 levels left

rFire   . . .      SeeInvis .   o - +1 war axe
rCold   . . .      Faith    .   (no shield)
rNeg    . . .      Spirit   .   a - +0 robe
rPois   .          Reflect  .   (no helmet)
rElec   .          Harm     .   (no cloak)
rCorr   .          Rampage  .   (no gloves)
Will    .....                   (no boots)
Stlth   +.........              (no amulet)
HPRegen 0.15/turn               g - +4 ring of evasion
MPRegen 0.14/turn               (no ring)

@: glowing
A: sense surroundings 1, otherworldly, glowing, explore regen
a: no special abilities


You were on level 3 of the Dungeon.
You visited 1 branch of the dungeon, and saw 3 of its levels.

You collected 87 gold pieces.

Inventory:

Hand Weapons
 o - a +1 war axe (weapon)
Missiles
 p - a throwing net
Armour
 a - a +0 robe (worn)
Magical Staves
 e - a staff of poison
Jewellery
 g - a +4 ring of evasion (left hand)
Scrolls
 c - a scroll of fog {unknown}
 i - a scroll of amnesia {unknown}
 j - 2 scrolls of enchant weapon
 k - 2 scrolls of brand weapon {unknown}
 l - a scroll of blinking {unknown}
 m - a scroll of enchant armour {unknown}
 n - a scroll of identify {unknown}
Potions
 b - a potion of mutation {unknown}
 d - 3 potions of degeneration {unknown}
 f - a potion of attraction {unknown}
 h - 2 potions of heal wounds {unknown}


   Skills:
 - Level 2.4 Dodging
 - Level 1.4 Stealth
 + Level 5.5 Spellcasting
 + Level 6.3 Necromancy


You had 8 spell levels left.
You knew the following spells:

 Your Spells              Type           Power      Damage    Failure   Level
a - Necrotise             Necr           100%       1d9       1%          1
b - Vampiric Draining     Necr           29%        2d8       2%          3
c - Animate Dead          Necr           29%        N/A       9%          4

Your spell library contained the following spells:

 Spells                   Type           Power      Damage    Failure   Level
 Freeze                   Ice            20%        1d4       12%         1
 Magic Dart               Conj           20%        1d4       12%         1
 Slow                     Hex            20%        N/A       12%         1
 Searing Ray              Conj           10%        2d4       19%         2
 Agony                    Necr           29%        N/A       24%         5
 Confusing Touch          Hex            5%         N/A       34%         3
 Frozen Ramparts          Ice            10%        1d3       34%         3
 Fulminant Prism          Conj/Hex       2%         3d6       75%         4
 Hailstorm                Conj/Ice       5%         3d4       75%         4


Dungeon Overview and Level Annotations

Branches:
Dungeon (3/15) Zot: 624

Altars:


Innate Abilities, Weirdness & Mutations

You passively map a small area around you.
You are easily found by Zot.
You glow in the dark.
You regain HP and MP as you explore.


Message History

The slug dart hits you.
Aiming: Necrotise (safe; 1% risk of failure)
Press: ? - help, Q - select action, (/) - cycle Shift-Dir - straight line, f/p - dart slug
Aim: a dart slug (severely wounded, chance to affect: 93%)
The dart slug barely resists.
Sigmund hits the dart slug.
Things that are here:
a +0 flail; a +0 leather armour You hit the dart slug.
You kill the dart slug!
Aiming: Necrotise (safe; 1% risk of failure)
Press: ? - help, Q - select action, (/) - cycle Shift-Dir - straight line, f - you That beam is likely to hit you.
Continue anyway?
Okay, then.
You open the door.
An orc wizard comes into view. It is wielding a +0 dagger.
The orc wizard gestures at you while chanting.
The puff of flame hits you.
* * * LOW HITPOINT WARNING * * *
A frilled lizard comes into view.
An orc comes into view. It is wielding a +0 hand axe.
The orc shouts!
The orc wizard casts a spell at you. The magic dart hits you!
* * * LOW HITPOINT WARNING * * *
There is an open door here.
The frilled lizard bites you.
* * * LOW HITPOINT WARNING * * *
The orc wizard casts a spell.
The orc wizard flickers and vanishes!
Deactivating autopickup; reactivate with Ctrl-A.
Things that are here:
a +0 flail; a +0 leather armour You close the door.
The frilled lizard barely misses you.
Sigmund barely misses the frilled lizard.
The frilled lizard attacks as you move away!
The frilled lizard closely misses you.
There is a stone staircase leading down here.
The frilled lizard bites you.
You die...

#.......#
,,
#.......# *
##...#..# *
, #...+..#
, #...#..##
* , **
*##..o.Z.#
*
..#.####)##
*
.......#)l#
*
.{.o...+.@#
*
.......####
#...... * *
#...... , ,
* #######*
*, * , *


You could see a frilled lizard and the friendly Sigmund the human skeleton.

Vanquished Creatures
  Sigmund (D:3)
  4 adders
  A dart slug (D:3)
  3 orcs (D:3)
  2 endoplasms
  3 giant cockroaches
  2 goblins
  4 hobgoblins
  2 jackals (D:1)
  2 quokkas
  5 ball pythons
  4 bats
  2 frilled lizards
  3 kobolds
  3 rats
41 creatures vanquished.

Vanquished Creatures (collateral kills)
  A ball python (D:2)
  A rat (D:1)
2 creatures vanquished.

Grand Total: 43 creatures vanquished

Notes
Turn   | Place    | Note
-------+----------+-------------------------------------------
     0 | D:1      | buhh the Meteoran Necromancer began the quest for the Orb.
     0 | D:1      | Reached XP level 1. HP: 14/14 MP: 5/5
   121 | D:1      | Reached XP level 2. HP: 20/20 MP: 0/7
   300 | D:1      | Reached XP level 3. HP: 26/26 MP: 3/8
   384 | D:2      | Reached skill level 5 in Necromancy
   439 | D:2      | Reached XP level 4. HP: 33/33 MP: 3/10
   903 | D:3      | Learned a level 3 spell: Vampiric Draining
   908 | D:3      | Learned a level 4 spell: Animate Dead
   929 | D:3      | Found a faded altar of an unknown god.
  1075 | D:3      | Noticed Sigmund
  1154 | D:3      | Reached XP level 5. HP: 21/38 MP: 5/12
  1159 | D:3      | Killed Sigmund
  1160 | D:3      | Reached skill level 5 in Spellcasting
  1160 | D:3      | Reached skill level 6 in Necromancy
  1160 | D:3      | Reached XP level 6. HP: 20/45 MP: 11/15
  1166 | D:3      | HP: 2/45 [frilled lizard (3)]
  1169 | D:3      | Slain by a frilled lizard

Illustrated notes

Levels and vault maps discovered:
D:1:      amcnicky_arrival_flooded_fountain, layout_basic, minmay_crystal_room,
          wad_woods_river_04
D:2:      minmay_general_purpose_star, layout_basic
D:3:      layout_basic, hellmonk_ecumenical_altar_pennies_from_heaven,
          grunt_decor_resistance, chequers_serial_rivers_room_b, uniq_sigmund

Skill      XL: |  1  2  3  4  5 |
---------------+----------------+-----
Spellcasting   | 3 4 5 |  5.5
Necromancy     | 5 6 |  6.3
Dodging        | |  2.4
Stealth        | |  1.4

Action                   |  1- 3 |  4- 6 || total
-------------------------+-------+-------++-------
Melee: War axe           |       |     2 ||     2
 Cast: Necrotise         |    38 |    38 ||    76
       Vampiric Draining |       |     2 ||     2
  Use: Scroll            |       |     1 ||     1
       Potion            |       |     1 ||     1
Armor: Robe              |     3 |       ||     3
Dodge: Dodged            |    12 |    20 ||    32

Table legend: (Time is in decaauts)
 A = Elapsed time spent in this place.
 B = Non-inter-level travel time spent in this place.
 C = Inter-level travel time spent in this place.
 D = Time resting spent in this place.
 E = Time spent auto-exploring this place.
 F = Levels seen in this place.
 G = Mean time per level.
                   A        B        C        D        E       F      G
               +--------+--------+--------+--------+--------+-----+--------+
         Total |   1174 |   1134 |     40 |      0 |    784 |   3 |  391.3 |
       Dungeon |   1174 |   1134 |     40 |      0 |    784 |   3 |  391.3 |
               +--------+--------+--------+--------+--------+-----+--------+

Top non-repeatable levels by time:
     D:2: 548 daAuts
     D:1: 324 daAuts
     D:3: 301 daAuts
